 Dungeon Crawl Stone Soup version 0.24-a0-613-g1ff6aac (webtiles) character file.

Game seed: 17792854334091149008, levelgen mode: classic

46 JeffiDaFish the Grave Robber (level 3, -7/26 HPs)
             Began as a Mummy Necromancer on Aug 26, 2019.
             Mangled by a gnoll (9 damage)
             ... on level 1 of the Dungeon on Sept 10, 2019.
             The game lasted 00:04:34 (1160 turns).

JeffiDaFish the Grave Robber (Mummy Necromancer)    Turns: 1160, Time: 00:04:35

Health: -7/26      AC:  3    Str: 11    XL:     3   Next: 44%
Magic:  8/8        EV: 12    Int: 15    God:
Gold:   52         SH:  0    Dex: 12    Spells: 7/9 levels left

rFire    x . .     SeeInvis .   b - +1 spear
rCold    + . .     Gourm    .   (no shield)
rNeg     + + +     Faith    .   a - +1 robe
rPois    ∞         Spirit   .   (no helmet)
rElec    .         Reflect  .   (no cloak)
rCorr    .         Harm     .   (no gloves)
MR       .....                  (no boots)
Stlth    ++........             (no amulet)
HPRegen  0.08/turn              (no ring)
MPRegen  0.11/turn              (no ring)

@: no status effects
A: no food or potions, fire vulnerability, cold resistance 1, negative energy
resistance 3, torment resistance, unbreathing
a: no special abilities


You were on level 1 of the Dungeon.
You were not hungry.

You visited 1 branch of the dungeon, and saw 2 of its levels.

You collected 52 gold pieces.

Inventory:

Hand Weapons
 b - a +1 spear (weapon)
Armour
 a - a +1 robe (worn)
Scrolls
 c - a scroll of enchant armour
 d - 2 scrolls of amnesia


   Skills:
 + Level 1.3 Fighting
 - Level 1.5 Dodging
 - Level 1.5 Stealth
 * Level 3.9 Spellcasting
 + Level 4.3 Necromancy


You had 7 spell levels left.
You knew the following spells:

 Your Spells              Type           Power        Failure   Level  Hunger
a - Pain                  Necr           ###.         3%          1    N/A
b - Animate Skeleton      Necr           N/A          3%          1    N/A

Your spell library contained the following spells:

 Spells                   Type           Power        Failure   Level  Hunger
 Vampiric Draining        Necr           ###.......   9%          3    N/A
 Animate Dead             Necr           N/A          30%         4    N/A
 Regeneration             Chrm/Necr      Unusable     N/A         3    N/A

Dungeon Overview and Level Annotations

Branches:
Dungeon (2/15)

Altars:

Annotations:
D:1 Terence


Innate Abilities, Weirdness & Mutations

You do not eat or drink.
Your flesh is vulnerable to fire.
You are immune to poison.
Your flesh is cold resistant. (rC+)
You are immune to negative energy. (rN+++)
You are immune to unholy pain and torment.
You can survive without breathing.


Message History

You see here 2 cyan potions.
Your hobgoblin skeleton closely misses the gnoll.
The gnoll barely misses your hobgoblin skeleton.
There is a stone staircase leading down here.
Your hobgoblin skeleton hits Terence.
You closely miss the gnoll.
The gnoll is lightly wounded.
The gnoll hits you.
* * * LOW HITPOINT WARNING * * *
Terence hits you but does no damage.
Terence hits your hobgoblin skeleton with a +0 hand axe.
You hit the gnoll.
The gnoll is moderately wounded.
The gnoll hits you.
* * * LOW HITPOINT WARNING * * *
Terence closely misses you.
Terence hits your hobgoblin skeleton with a +0 hand axe.
Your hobgoblin skeleton is destroyed!
The gnoll hits you!
You die...

#..# ###..#
#....##### #.##...@.#
#.##!###.##
#.........#
#.8.....8.#
#....@g...#
###########.....@...#
#.>.............>...#
#.########.....%)...#
#.# ##.........# #.#
#.8.....8.# #.# ###
#....)....# #.###!##
######..###
#.##.#.#########.##
#.#.#............#


You could see Terence and a gnoll.

Vanquished Creatures
  2 gnolls (D:2)
  An ooze (D:1)
  A worm (D:1)
  A leopard gecko (D:1)
  2 giant cockroaches (D:1)
  4 hobgoblins (D:1)
  2 jackals (D:1)
  A frilled lizard (D:1)
  6 rats
20 creatures vanquished.

Notes
Turn   | Place    | Note
-------+----------+-------------------------------------------
     0 | D:1      | JeffiDaFish the Mummy Necromancer began the quest for the
                  | Orb.
     0 | D:1      | Reached XP level 1. HP: 13/13 MP: 4/4
   182 | D:1      | Reached XP level 2. HP: 14/20 MP: 3/6
   223 | D:1      | Learned a level 1 spell: Animate Skeleton
   820 | D:2      | Upgraded the game from 0.24-a0-581-gc0fa660 to
                  | 0.24-a0-584-g9d6b971
   820 | D:2      | Upgraded the game from 0.24-a0-584-g9d6b971 to
                  | 0.24-a0-613-g1ff6aac
   859 | D:1      | Reached skill level 1 in Fighting
   980 | D:2      | Reached XP level 3. HP: 24/26 MP: 4/8
   991 | D:2      | Noticed Terence
  1160 | D:1      | Mangled by a gnoll

Levels and vault maps discovered:
D:1:      doesnt_arrival_eight_statues, layout_loops_ring, st_stairs_1
D:2:      layout_loops_ring, first_ration, uniq_natasha, uniq_terence

Skill      XL: |  1  2 |
---------------+-------+-----
Spellcasting   | 3 |  3.9
Fighting       | 1 |  1.3
Dodging        | |  1.5
Stealth        | |  1.5
Necromancy     | |  4.3

Action                   || total
-------------------------++-------
Melee: Spear             ||    37
 Cast: Pain              ||    36
       Animate Skeleton  ||     4
  Use: Scroll            ||     6
 Stab: Sleeping          ||     3
Armor: Robe              ||     7
Dodge: Dodged            ||    24

Table legend:
 A = Non-vault XP
 B = Vault XP
 C = Vault XP percentage of total XP
 D = Non-vault monster count
 E = Vault monster count
 F = Vault count percentage of total count
                 A         B        C        D         E       F
            +---------+---------+-------+---------+---------+-------
      Total |      61 |       5 |   7.6 |      17 |       3 |  15.0
            +---------+---------+-------+---------+---------+-------
        D:1 |      31 |       5 |  13.9 |      13 |       3 |  18.8
        D:2 |      30 |       0 |   0.0 |       4 |       0 |   0.0
            +---------+---------+-------+---------+---------+-------
